 Dungeon Crawl Stone Soup version 0.26-a0-652-gafc20e3620 (webtiles) character file.

Game seed: 1408211743797095323

213 DoubleLucky the Insei (level 5, -5/35 HPs)
             Began as an Octopode Transmuter on Oct 4, 2020.
             Slain by a howler monkey (6 damage)
             ... on level 4 of the Dungeon.
             The game lasted 00:16:49 (3987 turns).

DoubleLucky the Insei (Octopode Transmuter)         Turns: 3987, Time: 00:16:50

Health: -5/35      AC:  1    Str:  9    XL:     5   Next: 90%
Magic:  7/9        EV: 14    Int: 15    God:
Gold:   162        SH:  0    Dex: 14    Spells: 6/9 levels left

rFire    . . .     SeeInvis .     - Unarmed
rCold    . . .     Faith    .   (no shield)
rNeg     . . .     Spirit   .   (helmet currently unavailable)
rPois    .         Reflect  .   (no amulet)
rElec    .         Harm     .   m - ring of stealth
rCorr    .         Rampage  .   (no ring)
MR       .....                  (no ring)
Stlth    +++.......             (no ring)
HPRegen  0.11/turn              (no ring)
MPRegen  0.11/turn              (no ring)
                                (no ring)
                                (no ring)

@: lethally poisoned (-5 -> -11), appendages (expiring), wereblooded
A: almost no armour, stealthy swim, amphibious, 8 rings, constrict 8, tentacle
spike 3, camouflage 1, gelatinous body 1
a: End Transformation


You were on level 4 of the Dungeon.
One of your tentacles had a temporary spike.
You visited 1 branch of the dungeon, and saw 4 of its levels.

You collected 162 gold pieces.

Inventory:

Hand Weapons
 e - a +0 hunting sling
Missiles
 d - 197 stones
 l - 18 poisoned darts
 o - 6 atropa-tipped darts (quivered)
Jewellery
 m - a ring of stealth (left tentacle)
Wands
 i - a wand of random effects (23)
Scrolls
 a - 2 scrolls of enchant weapon {unknown}
 b - a scroll of remove curse {unknown}
 f - a scroll of teleportation {unknown}
 g - a scroll of identify {unknown}
 h - a scroll of magic mapping {unknown}
 j - a scroll of immolation {unknown}
 n - a scroll of random uselessness {unknown}
Potions
 c - a potion of might {unknown}
 k - a potion of mutation {unknown}


   Skills:
 + Level 2.3 Fighting
 + Level 2.1 Throwing
 + Level 2.8 Dodging
 + Level 3.7 Unarmed Combat
 + Level 2.9 Spellcasting
 + Level 2.8 Transmutations


You had 6 spell levels left.
You knew the following spells:

 Your Spells              Type           Power        Failure   Level
a - Beastly Appendage     Tmut           ##....       6%          1
b - Wereblood             Tmut           ##......     10%         2

Your spell library contained the following spells:

 Spells                   Type           Power        Failure   Level
 Spider Form              Tmut/Pois      #.........   34%         3
 Ice Form                 Ice/Tmut       #.......     75%         4
 Blade Hands              Tmut           ##........   86%         5


Dungeon Overview and Level Annotations

Branches:
Dungeon (4/15)
 Temple: D:4-7

Altars:

Annotations:
D:3 3 exclusions
D:4 2 exclusions


Innate Abilities, Weirdness & Mutations

You cannot wear most types of armour.
You are very stealthy in the water. (Stealth+)
You are amphibious.
You can wear up to eight rings at the same time.
You can use your tentacles to constrict eight enemies at once.
Your skin changes colour to match your surroundings (Stealth+).
Your rubbery body absorbs attacks. (AC +1, EV +1)
One of your tentacles bears a large vicious spike.


Message History

You miss the adder. Your grab misses the adder.
You feel sick. The jackal bites you.
The howler monkey hoots and howls with incredible vigour!
The adder bites you.
* * * LOW HITPOINT WARNING * * *
The jackal misses you. The howler monkey hits you.
* * * LOW HITPOINT WARNING * * *
You hear a loud, deep croak!
You hear a shout! x3
You miss the adder. Your grab misses the adder. The adder bites you.
* * * LOW HITPOINT WARNING * * *
You are lethally poisoned!
The adder poisons you! The jackal bites you.
* * * LOW HITPOINT WARNING * * *
The howler monkey barely misses you.
You closely miss the adder. You grab the adder.
You howl as the wereblood boils in your veins!
You constrict the adder. The adder barely misses you. The jackal bites you.
* * * LOW HITPOINT WARNING * * *
The howler monkey hits you.
You die...

. .. . ###. #.......# ..
. #... #.......#...
..#...#######.......#...
)...........#.......#.##
............'.........#
......Sh....#........##
((.((Sh@..............#
..########...#......# .
#...#......#+##
#...#..........
#####...#####......
#.......# #.....รท
..........#####......
.....................
.....................


You could see a howler monkey (catching breath), 2 adders and a jackal.

Vanquished Creatures
  A gnoll shaman (D:4)
  A worker ant (D:4)
  A hound skeleton (D:4)
  4 adders
  3 gnolls (D:4)
  An ooze (D:3)
  An adder zombie (D:1)
  A worm (D:2)
  3 dart slugs
  5 leopard geckos
  An orc (D:4)
  4 bats
  5 giant cockroaches
  5 goblins
  6 hobgoblins
  6 jackals
  A quokka (D:4)
  3 frilled lizards
  A jackal zombie (D:1)
  A kobold (D:3)
  A quokka skeleton (D:4)
  4 rats
59 creatures vanquished.

Notes
Turn   | Place    | Note
-------+----------+-------------------------------------------
     0 | D:1      | DoubleLucky the Octopode Transmuter began the quest for the
                  | Orb.
     0 | D:1      | Reached XP level 1. HP: 13/13 MP: 3/3
   219 | D:1      | Reached XP level 2. HP: 18/18 MP: 3/5
  1001 | D:1      | Reached XP level 3. HP: 23/23 MP: 4/6
  1382 | D:2      | Reached skill level 1 in Throwing
  2091 | D:2      | Reached XP level 4. HP: 25/29 MP: 5/7
  2474 | D:2      | Learned a level 2 spell: Wereblood
  2670 | D:3      | Noticed a sky beast
  3529 | D:4      | Reached XP level 5. HP: 28/34 MP: 7/9
  3987 | D:4      | HP: 1/35 [jackal (1)]
  3987 | D:4      | Slain by a howler monkey

Illustrated notes

Levels and vault maps discovered:
D:1:      saegor_arrival_fortress, layout_loops_corners, minmay_tripent
D:2:      layout_loops_ring
D:3:      layout_loops_ring, minmay_misc_feat_tiny
D:4:      layout_basic, minmay_manual_moon

Skill      XL: |  1  2  3  4  5 |
---------------+----------------+-----
Throwing       | 1 2 |  2.1
Fighting       | 2 |  2.3
Dodging        | |  2.8
Unarmed Combat | |  3.7
Spellcasting   | |  2.9
Transmutations | |  2.8

Action                   |  1- 3 |  4- 6 || total
-------------------------+-------+-------++-------
Melee: Unarmed           |    78 |    53 ||   131
       Constrict         |    26 |    15 ||    41
       Kick              |    17 |    14 ||    31
       Tentacles         |    11 |    14 ||    25
       Punch             |     1 |     2 ||     3
 Fire: Hunting sling     |       |    46 ||    46
Throw: Stone             |     3 |     1 ||     4
       Dart              |       |     1 ||     1
 Cast: Beastly Appendage |    20 |    10 ||    30
       Wereblood         |       |     2 ||     2
  Use: Potion            |       |     2 ||     2
 Stab: Sleeping          |     4 |     3 ||     7
Armor: Skin              |     7 |     2 ||     9
Dodge: Dodged            |    43 |    52 ||    95

Table legend: (Time is in decaauts)
 A = Elapsed time spent in this place.
 B = Non-inter-level travel time spent in this place.
 C = Inter-level travel time spent in this place.
 D = Time resting spent in this place.
 E = Time spent auto-exploring this place.
 F = Levels seen in this place.
 G = Mean time per level.
                   A        B        C        D        E       F      G
               +--------+--------+--------+--------+--------+-----+--------+
         Total |   3970 |   3928 |     42 |    462 |   2683 |   4 |  992.5 |
       Dungeon |   3970 |   3928 |     42 |    462 |   2683 |   4 |  992.5 |
               +--------+--------+--------+--------+--------+-----+--------+

Top non-repeatable levels by time:
     D:1: 1370 daAuts
     D:2: 1208 daAuts
     D:4: 701 daAuts
     D:3: 690 daAuts
